AoeStats
← Malelf

Arabia

507949161Analyzed
1v1 RM · 11d ago on Sep 20, 2026· 16m 51s· 2 players
Game mode
Random Map
Map size
Tiny (2 player)
Population
200
Speed
Normal
Resources
Standard
Victory
Conquest
Starting age
Dark Age
Ending age
Imperial Age
RankedLock teamsTeams togetherTeam positionsShared explorationLock speedFull tech treeHidden civsTurbo modeCheats
Victory
Defeat
🇨🇴 Khitans · Colombia
1936
+6
🇮🇹 Burgundians · Italy
1692
-6
Malelf
3:22 Double-Bit Axe
5:44 Loom
8:48 Feudal Age
9:43 Bow Saw
11:43 Horse Collar
15:27 Gold Mining
JOLIAT
6:35 Loom
8:52 Feudal Age
9:01 Man-at-Arms
9:26 Double-Bit Axe
14:34 Domestication
15:03 Fletching
Connection lost

Rejoining the realm…

Still unreachable

The connection could not be restored.

Session expired

The server has moved on; the page needs a fresh start.